 Dungeon Crawl Stone Soup version 0.29-a0-1027-gcd8c55af63 (webtiles) character file.

Game seed: 4212055309092915893

1131513 ragingrage the Invulnerable (level 27, -4/217 (273) HPs)
             Began as a Minotaur Delver on Aug 11, 2022.
             Was the Champion of the Shining One.
             Killed from afar by a shard shrike (32 damage)
             ... with a shard of ice
             ... in the Vestibule of Hell on Aug 12, 2022.
             The game lasted 03:33:56 (133367 turns).

ragingrage the Invulnerable (Minotaur Delver)     Turns: 133367, Time: 03:33:56

HP:   -4/217 (273)  AC: 45    Str: 31 (32) XL:     27
MP:   0/34          EV: 17    Int:  9      God:    the Shining One [******]
Gold: 10156         SH:  4    Dex: 12 (15) Spells: 26/26 levels left

rFire   + + .      SeeInvis +   c - +8 frozen axe "Frostbite" {freezing cloud, *Noise Fly rC+}
rCold   + + +      Faith    .   (shield currently unavailable)
rNeg    + + +      Spirit   +   n - +12 gold dragon scales
rPois   +          Reflect  .   o - +1 hat {Stlth+}
rElec   +          Harm     .   T - scarf {rC+ rF+}
rCorr   +          Rampage  +   S - +1 pair of gloves "Sikuneps" {-Cast rPois Will+++ Int-5}
Will    +++++      Rage     3%  J - +2 pair of boots {rampage}
Stlth   .......... NoCast   +   i - amulet of Taybixedgh {Spirit rCorr Int+7}
HPRegen 0.46/turn               H - ring of the Chupacabra {rElec AC+4 Str+6 SInv}
MPRegen 0.24/turn               h - ring "Igusorgh" {rN+ Will++ MP+9 Slay+4 Stlth-}

@: marked, flying, glowing, studying 2 skills, heavily drained
A: horns 2, retaliatory headbutt, large bone plates 1, berserk 1, clumsy 1,
deformed body, deterioration 2, low MP 3, screaming 1, subdued magic 2
}: 10/15 runes: barnacled, slimy, silver, iron, bone, abyssal, demonic, fiery,
dark, gossamer
a: Renounce Religion, Divine Shield, Cleansing Flame, Summon Divine Warrior


You were in the Vestibule of Hell.
You worshipped the Shining One.
The Shining One was exalted by your worship.
You visited 16 branches of the dungeon, and saw 76 of its levels.
You visited Pandemonium 3 times, and saw 14 of its levels.
You visited the Abyss 5 times.
You also visited: Trove, Wizlab and Desolation.

You collected 14500 gold pieces.
You spent 4344 gold pieces at shops.

Inventory:

Hand Weapons
 a - a +9 executioner's axe of holy wrath
 b - the +9 triple crossbow "Itorchem" {elec, Str-5 Int+8}
   (Okawaru gifted it to you on level 2 of the Shoals)

   Any ammunition fired from it occasionally discharges a powerful burst of
   electricity upon striking a foe.
   Str:       It affects your strength (-5).
   Int:       It affects your intelligence (+8).
 c - the +8 frozen axe "Frostbite" (weapon) {freezing cloud, *Noise Fly rC+}
   (You found it in the Desolation of Salt)

   It freezes those it strikes, dealing additional cold damage.
   It can also slow down cold-blooded creatures.
   It occasionally leaves clouds of freezing vapour upon striking a foe.
   It grants immunity to clouds of freezing vapour.
   rC:        It protects you from cold.
   Fly:       It grants you flight.
   *Noise:    It may make noises in combat.
Missiles
 L - 15 curare-tipped darts
 Q - 43 silver javelins
 R - 20 silver boomerangs (quivered)
 U - 42 javelins
 W - 3 throwing nets
Armour
 n - +12 gold dragon scales (worn)
 o - a +1 hat of stealth (worn)
 G - a +0 cloak of preservation
 J - a +2 pair of boots of rampaging (worn)
 S - the +1 pair of gloves "Sikuneps" (worn) {-Cast rPois Will+++ Int-5}
   (You acquired it on level 2 of the Depths)

   Int:       It affects your intelligence (-5).
   rPois:     It protects you from poison.
   -Cast:     It prevents spellcasting.
   Will:      It greatly increases your willpower.
 T - a scarf of resistance (worn)
Jewellery
 h - the ring "Igusorgh" (right hand) {rN+ Will++ MP+9 Slay+4 Stlth-}
   (You found it in a treasure trove)

   [ring of slaying]

   Slay:      It affects your accuracy & damage with ranged weapons and melee
   (+4).
   rN:        It protects you from negative energy.
   MP:        It affects your magic capacity (+9).
   Will:      It greatly increases your willpower.
   Stlth:     It makes you less stealthy.
 i - the amulet of Taybixedgh (around neck) {Spirit rCorr Int+7}
   (You found it in the Desolation of Salt)

   [amulet of guardian spirit]

   It causes incoming damage to be divided between your reserves of health and
   magic.
   Int:       It affects your intelligence (+7).
   rCorr:     It protects you from acid and corrosion.
 H - the ring of the Chupacabra (left hand) {rElec AC+4 Str+6 SInv}
   (You found it in a treasure trove)

   [ring of protection]

   AC:        It affects your AC (+4).
   Str:       It affects your strength (+6).
   rElec:     It insulates you from electricity.
   SInv:      It lets you see invisible.
Wands
 g - a wand of digging (36)
 l - a wand of light (24)
 r - a wand of paralysis (18)
 w - a wand of iceblast (48)
 A - a wand of flame (128)
 K - a wand of polymorph (53)
Scrolls
 d - 5 scrolls of magic mapping
 e - 7 scrolls of fear
 k - 4 scrolls of poison
 q - a scroll of summoning
 u - a scroll of enchant weapon
 y - 28 scrolls of teleportation
 I - 8 scrolls of vulnerability
 M - 3 scrolls of silence
 O - a scroll of brand weapon
 P - 5 scrolls of butterflies
Potions
 f - 5 potions of haste
 j - 6 potions of might
 p - 14 potions of lignification
 s - 4 potions of magic
 v - 29 potions of curing
 x - 9 potions of attraction
 z - 9 potions of heal wounds
 B - 14 potions of ambrosia
 C - 16 potions of mutation
 D - 7 potions of brilliance
 E - 10 potions of berserk rage
 F - 8 potions of cancellation
 N - 5 potions of resistance
 X - 9 potions of flight
Miscellaneous
 m - a box of beasts (inert)
 t - a tin of tremorstones (2/2)
 V - a phial of floods
 Z - a lightning rod (4/4)


   Skills:
 O Level 27 Fighting
 O Level 27 Axes
 O Level 27 Ranged Weapons
 + Level 18.9 Throwing
 O Level 27 Armour
 O Level 27 Dodging
 - Level 14.0 Stealth
 + Level 22.2 Invocations
 O Level 27 Evocations


You had 26 spell levels left.
You didn't know any spells.
Your spell library contained the following spells:

 Spells                   Type           Power      Damage    Failure   Level
 Apportation              Tloc           0%         N/A       86%         1
 Beastly Appendage        Tmut           0%         N/A       86%         1
 Freeze                   Ice            0%         1d3       86%         1
 Magic Dart               Conj           0%         1d3       86%         1
 Necrotise                Necr           0%         1d4       86%         1
 Sandblast                Erth           0%         2d4       86%         1
 Shock                    Conj/Air       0%         1d3       86%         1
 Slow                     Hex            0%         N/A       86%         1
 Sting                    Tmut/Pois      0%         1d3       86%         1
 Summon Small Mammal      Summ           0%         N/A       86%         1
 Blink                    Tloc           0%         N/A       95%         2
 Call Imp                 Summ           0%         N/A       95%         2
 Ensorcelled Hibernation  Hex/Ice        0%         N/A       95%         2
 Passwall                 Tmut/Erth      0%         N/A       95%         2
 Poisonous Vapours        Pois/Air       0%         N/A       95%         2
 Scorch                   Fire           0%         2d5       95%         2
 Searing Ray              Conj           0%         2d4       95%         2
 Static Discharge         Conj/Air       0%         3-3/arc   95%         2
 Sublimation of Blood     Necr           0%         N/A       95%         2
 Wereblood                Tmut           0%         N/A       95%         2
 Call Canine Familiar     Summ           0%         N/A       99%         3
 Confusing Touch          Hex            0%         N/A       99%         3
 Dazzling Flash           Conj/Hex       0%         N/A       99%         3
 Frozen Ramparts          Ice            0%         1d1       99%         3
 Gell's Gravitas          Tloc           0%         N/A       99%         3
 Ignite Poison            Fire/Tmut/Pois 0%         N/A       99%         3
 Inner Flame              Hex/Fire       0%         N/A       99%         3
 Lesser Beckoning         Tloc           0%         N/A       99%         3
 Mephitic Cloud           Conj/Pois/Air  0%         N/A       99%         3
 Ozocubu's Armour         Ice            0%         N/A       99%         3
 Portal Projectile        Hex/Tloc       0%         N/A       99%         3
 Spider Form              Tmut/Pois      0%         N/A       99%         3
 Stone Arrow              Conj/Erth      0%         3d7       99%         3
 Summon Guardian Golem    Hex/Summ       0%         N/A       99%         3
 Swiftness                Air            0%         N/A       99%         3
 Teleport Other           Tloc           0%         N/A       99%         3
 Tukima's Dance           Hex            0%         N/A       99%         3
 Vampiric Draining        Necr           0%         2d6       99%         3
 Airstrike                Air            0%         2d(0-16)  100%        4
 Anguish                  Hex/Necr       0%         N/A       100%        4
 Animate Armour           Summ/Erth      0%         N/A       100%        4
 Animate Dead             Necr           0%         N/A       100%        4
 Cause Fear               Hex            0%         N/A       100%        4
 Dispel Undead            Necr           0%         3d6       100%        4
 Flame Wave               Conj/Fire      0%         2d4       100%        4
 Fulminant Prism          Conj/Hex       0%         3d6       100%        4
 Hailstorm                Conj/Ice       0%         3d3       100%        4
 Ice Form                 Ice/Tmut       0%         N/A       100%        4
 Iskenderun's Mystic Bla  Conj/Tloc      0%         2d3       100%        4
 Leda's Liquefaction      Hex/Erth       0%         N/A       100%        4
 Olgreb's Toxic Radiance  Pois           0%         N/A       100%        4
 Passage of Golubria      Tloc           0%         N/A       100%        4
 Petrify                  Tmut/Erth      0%         N/A       100%        4
 Sticky Flame             Conj/Fire      0%         2d3       100%        4
 Summon Ice Beast         Ice/Summ       0%         N/A       100%        4
 Summon Lightning Spire   Summ/Air       0%         N/A       100%        4
 Agony                    Necr           0%         N/A       100%        5
 Alistair's Intoxication  Tmut/Pois      0%         N/A       100%        5
 Borgnjor's Vile Clutch   Necr/Erth      0%         N/A       100%        5
 Fireball                 Conj/Fire      0%         3d3       100%        5
 Freezing Cloud           Conj/Ice/Air   0%         6-21      100%        5
 Irradiate                Conj/Tmut      0%         3d11      100%        5
 Iskenderun's Battlesphe  Conj           0%         2d6       100%        5
 Lee's Rapid Deconstruct  Erth           0%         3d5*      100%        5
 Lightning Bolt           Conj/Air       0%         1d11      100%        5
 Manifold Assault         Tloc           0%         N/A       100%        5
 Metabolic Englaciation   Hex/Ice        0%         N/A       100%        5
 Silence                  Hex/Air        0%         N/A       100%        5
 Summon Mana Viper        Hex/Summ       0%         N/A       100%        5
 Yara's Violent Unravell  Hex/Tmut       0%         3d3       100%        5
 Conjure Ball Lightning   Conj/Air       0%         3x3d6     100%        6
 Death Channel            Necr           0%         N/A       100%        6
 Dispersal                Tloc           0%         N/A       100%        6
 Eringya's Noxious Bog    Tmut/Pois      0%         N/A       100%        6
 Simulacrum               Ice/Necr       0%         N/A       100%        6
 Starburst                Conj/Fire      0%         6d3       100%        6
 Statue Form              Tmut/Erth      0%         N/A       100%        6
 Summon Cactus Giant      Summ           0%         N/A       100%        6
 Enfeeble                 Hex            0%         N/A       100%        7
 Monstrous Menagerie      Summ           0%         N/A       100%        7
 Orb of Destruction       Conj           0%         9d5       100%        7
 Ozocubu's Refrigeration  Ice            0%         4d7       100%        7
 Spellforged Servitor     Conj/Summ      0%         N/A       100%        7
 Summon Hydra             Summ           0%         N/A       100%        7
 Borgnjor's Revivificati  Necr           0%         N/A       100%        8
 Discord                  Hex            0%         N/A       100%        8
 Disjunction              Tloc           0%         N/A       100%        8
 Ignition                 Fire           0%         3d3       100%        8
 Lehudib's Crystal Spear  Conj/Erth      0%         10d2      100%        8
 Necromutation            Tmut/Necr      0%         N/A       100%        8
 Death's Door             Necr           0%         N/A       100%        9
 Fire Storm               Conj/Fire      0%         5d1       100%        9
 Polar Vortex             Ice            0%         N/A       100%        9
 Shatter                  Erth           0%         3d5*      100%        9


Dungeon Overview and Level Annotations

Branches:
Dungeon (15/15)            Temple (1/1) D:4            Lair (5/5) D:10
 Shoals (4/4) Lair:2       Spider (4/4) Lair:3        Slime (5/5) Lair:5
    Orc (2/2) D:11            Elf (3/3) Orc:2        Vaults (5/5) D:14
  Crypt (3/3) Vaults:3       Tomb (0/3) Crypt:3      Depths (4/4) D:15
   Hell (1/1)                 Dis (7/7) Hell            Geh (0/7) Hell
    Coc (5/7) Hell            Tar (7/7) Hell            Zot (5/5) Depths:4
 WizLab (visited)         Desolation (visited)

Altars:
Ashenzari
Cheibriados
Dithmenos
Elyvilon
Fedhas
Gozag
Hepliaklqana
Kikubaaqudgha
Makhleb
Nemelex Xobeh
Okawaru
Qazlal
Ru
Sif Muna
Trog
Uskayaw
Vehumet
Wu Jian
Xom
Yredelemnul
Zin
The Shining One
Lugonu

Shops:
D:5 !   D:13 [   Orc:2 !*(=   Elf:2 !((   Shoals:2 *   Shoals:4 (
Vaults:2 ([?!!   Vaults:3 *!![   Vaults:5 (

Portals:
Hell: Depths:1 Depths:2 Depths:3 Depths:4
Abyss: Depths:1 Depths:3
Pandemonium: Depths:2 Depths:3
Ziggurat: Depths:1

Annotations:
D:7 4 exclusions
D:10 1 runed translucent door, siradein's ghost, journeyman GnHu
D:11 1 runed translucent door, gdog's ghost, journeyman GnDe
Depths:1 exclusion: downstairs
Depths:2 1 transporter


Innate Abilities, Weirdness & Mutations

You have a pair of horns on your head.
You reflexively headbutt those who attack you in melee.
You are partially covered in large bone plates. (SH +4)
You sometimes lose your temper in combat.
You are clumsy. (Dex -2)
Armour fits poorly on your strangely shaped body.
Your body often deteriorates upon taking damage.
Your magical capacity is extremely low. (-30% MP)
You occasionally shout uncontrollably at your foes.
Your spells are easier to cast, but less powerful.


Message History

The shard shrike spits a shard of ice at you.
The shard of ice hits your primal shockfire beast!!!
Magic courses through your body.
The shard shrike screeches!
The shard shrike claws you but does no damage. x2
You slice the shard shrike!! You headbutt the shard shrike!
The shard shrike is severely wounded.
The shard shrike spits a shard of ice at you.
The shard of ice misses you.
The shard shrike claws you but does no damage.
The shard shrike misses you. You furiously retaliate!
You headbutt the shard shrike.
The shard shrike claws you but does no damage.
You carve the shard shrike like a turkey!!!
You kill the shard shrike!
You slice the shard shrike!! The shard shrike claws you.
* * * LOW HITPOINT WARNING * * *
The shard shrike freezes you! You resist.
* * * LOW HITPOINT WARNING * * *
The shard shrike claws you but does no damage.
Your primal shockfire beast hits the shard shrike!!
Your +9 executioner's axe of holy wrath stops glowing.
You fly up into the air.
The +8 frozen axe "Frostbite" {freezing cloud, *Noise Fly rC+} glows with a cold blue light!
c - the +8 frozen axe "Frostbite" (weapon)
{freezing cloud, *Noise Fly rC+} The shard shrike barely misses you.
You furiously retaliate!
You headbutt the shard shrike. The shard shrike completely misses you.
You closely miss the shard shrike.
The shard shrike is heavily wounded.
You slash the shard shrike! You freeze the shard shrike.
The shard shrike claws you but does no damage.
The shard shrike closely misses you.
Your primal shockfire beast hits the shard shrike.
The shard shrike closely misses your primal shockfire beast.
You slice the shard shrike!! You headbutt the shard shrike!
The shard shrike is almost dead.
You hit the shard shrike.
The shard shrike spits a shard of ice at you.
The shard of ice hits you!!! You partially resist.
You die...

.....................#
.....................#
#....................#
)........##..........#
.........####........#
.#.#.......###.......#
).............##H....#
..............#b†....#
#............#..@b#..#
..................#..#
...............###...#
................#....#
.....................#
.....................#
.....................#
.....................#
.....................#


You could see 2 shard shrikes and a friendly primal shockfire beast (summoned).

Vanquished Creatures
  Cerebov (Pan)
  the Royal Jelly (Slime:5)
  9 pandemonium lords (Pan)
  Dispater (Dis:7)
  4 orbs of fire
  6 dread liches
  6 ancient liches
  A juggernaut (Depths:3)
  A Head Instructor (WizLab)
  10 shard shrikes
  Xtahua (Depths:3)
  Frederick (Vaults:5)
  8 Killer Klowns
  51 caustic shrikes
  20 profane servitors
  Geryon (Hell)
  Nikola (Vaults:2)
  Jory (Depths:4)
  15 golden dragons
  21 bone dragons
  Arachne (Spider:2)
  7 Brimstone Fiends (Pan)
  6 doom hounds
  6 iron giants
  3 spectral shard shrikes
  19 Tzitzimimeh
  4 hellephants
  Jorgrun (Elf:1)
  3 electric golems
  21 Hell Sentinels
  23 tentacled monstrosities
  13 liches
  5 deep elf blademasters
  A walking frostbound tome (Depths:3)
  5 Ice Fiends
  25 Orb Guardians (Zot:5)
  A walking divine tome (Depths:3)
  19 tainted leviathans
  10 deep elf master archers
  Asterion (Vaults:3)
  22 titans
  12 acid blobs
  15 quicksilver dragons
  17 tentacled starspawn
  Murray (Hell)
  8 death cobs
  10 sphinxes
  11 ancient champions
  The ghost of Asceticacid the Bludgeoner, an adept MeBe of Trog (Elf:1)
  A kraken (Shoals:3)
  23 storm dragons
  11 shadow dragons
  37 Executioners (Pan)
  Donald (Vaults:2)
  A shadow dragon (shapeshifter) (Depths:1)
  14 tengu reavers
  2 revenants (Crypt:1)
  15 draconian monks
  Roxanne (Elf:1)
  13 demonspawn warmongers (Pan)
  Ilsuiw (Shoals:3)
  7 azure jellies
  23 fire giants
  5 narguns
  10 rockslimes
  25 frost giants
  4 iron dragons
  15 quicksilver elementals
  16 ghost moths
  5 draconian knights
  4 emperor scorpions (Spider:4)
  4 draconian scorchers
  9 cacodemons
  5 deep elf sorcerers
  2 angels (Pan)
  32 balrugs
  20 vault wardens
  An imperial myrmidon (Desolation)
  3 draconian stormcallers
  6 shard shrike simulacra
  4 spectral caustic shrikes
  3 draconian shifters
  4 deep elf elementalists
  29 reapers
  2 spectral juggernauts
  3 ghouls
  2 caustic shrike zombies
  2 curse skulls (Pan)
  3 spriggan defenders (Depths:3)
  3 draconian annihilators
  An orc warlord (Vaults:3)
  20 war gargoyles
  17 ironbound preservers
  31 stone giants
  5 demonspawn blood saints (Pan)
  Louise (Shoals:1)
  7 broodmothers (Spider:4)
  8 ironbound thunderhulks
  5 demonspawn corrupters (Pan)
  6 quicksilver oozes
  47 very ugly things
  A juggernaut skeleton (Pan)
  11 vampire knights
  20 green draconians
  A caustic shrike skeleton (Pan)
  11 deep elf demonologists
  20 red draconians
  10 elemental wellsprings
  A bunyip (Abyss:3)
  18 black draconians
  2 dire elephants (Vaults:3)
  5 demonspawn black suns (Pan)
  25 lorocyprocas
  17 white draconians
  9 entropy weavers
  19 yellow draconians
  20 purple draconians
  29 putrid mouths
  5 deep elf annihilators
  Azrael (Spider:2)
  3 wendigos
  16 spark wasps
  5 eidola
  16 ettins
  12 deep elf death magi
  8 merfolk javelineers
  17 green deaths
  14 iron golems
  15 fire dragons
  A quicksilver dragon zombie (Crypt:1)
  7 merfolk impalers (Shoals:4)
  7 crystal guardians
  14 yaktaur captains
  6 deep elf high priests
  11 blizzard demons
  11 jiangshi
  A spectral kraken (Tar:7)
  13 great orbs of eyes
  7 ragged hierophants (Desolation)
  3 spriggan zombies
  A fenstrider witch zombie (Crypt:1)
  8 rakshasas
  9 peacekeepers
  8 spectral spriggans
  5 boulder beetles
  8 servants of whispers (Desolation)
  36 vault guards
  2 caustic shrike simulacra
  8 hydras
  A catoblepas (Lair:3)
  4 juggernaut simulacra
  4 hell beasts
  13 ice dragons
  8 ogre magi
  12 ironbound frosthearts
  7 spriggan air magi
  A radroach (Spider:4)
  14 centaur warriors
  4 spriggan skeletons
  8 merfolk avatars
  2 satyrs
  2 fenstrider witch skeletons (Pan)
  A satyr (shapeshifter) (Depths:3)
  5 merfolk aquamancers
  29 dancing weapons
  2 death knights (Crypt:1)
  22 two-headed ogres
  6 deep troll earth magi
  Erica (D:11)
  2 tengu warriors
  2 alligator snapping turtles (Shoals:4)
  6 death yaks (Lair:4)
  5 deep troll shamans
  8 vampire magi
  29 thrashing horrors
  A shock serpent (shapeshifter) (Depths:4)
  2 hell hogs (Hell)
  A storm dragon zombie (Hell)
  7 spriggans
  7 spriggan berserkers
  2 titan zombies
  153 sun demons
  39 deep elf knights
  24 hell knights
  4 spectral dire elephants
  41 soul eaters
  14 wretched stars
  7 crystal echidnas
  2 titan skeletons (Pan)
  4 pharaoh ants
  5 iron trolls
  A death drake (Depths:4)
  3 sea snakes (shapeshifter)
  11 shadow wraiths
  24 sixfirhies
  11 sea snakes
  31 skeletal warriors
  2 spatial maelstroms (Abyss:3)
  2 salamander mystics (WizLab)
  2 anaconda zombies (Crypt:1)
  3 spectral anacondas
  A spark wasp zombie (Hell)
  An obsidian statue (Zot:5)
  A quicksilver dragon simulacrum (Coc:3)
  44 starcursed masses
  56 deep trolls
  13 orb spiders
  10 shadow demons (Pan)
  2 golden dragon zombies
  3 spectral hydras
  3 spectral iron dragons
  21 deep elf archers
  5 glowing orange brains
  A bunyip skeleton (Pan)
  A goliath frog (Lair:5)
  4 orange crystal statues (Hell)
  2 swamp dragons (Abyss:3)
  A kraken simulacrum (Shoals:1)
  2 flayed ghosts
  7 steelbarb worms
  A sphinx zombie (Hell)
  9 lindwurms
  9 phantasmal warriors
  9 wizards
  A fenstrider witch simulacrum (Coc:2)
  An anaconda skeleton (Pan)
  3 orc knights
  2 tengu zombies (Hell)
  5 spriggan simulacra
  29 harpies
  A harpy (shapeshifter) (D:13)
  19 ironbound convokers
  2 shadow dragon zombies
  An iron giant skeleton (Abyss:3)
  4 mana vipers (WizLab)
  An iron dragon zombie (Crypt:1)
  17 necromancers
  4 oklob plants (Lair:4)
  36 deep elf zephyrmancers
  20 wolf spiders
  16 fauns
  A spectral ettin (Tar:1)
  2 orc sorcerers
  2 will-o-the-wisps (Abyss:3)
  40 deep elf pyromancers
  9 cyclopes
  2 frost giant zombies
  5 shining eyes
  45 ugly things
  13 manticores
  2 stone giant zombies
  2 human zombies (Crypt:1)
  2 tengu skeletons
  5 worldbinders
  A naga mage (WizLab)
  15 merfolk sirens
  An iron dragon skeleton (Pan)
  33 moths of wrath
  3 apocalypse crabs
  A centaur zombie (Abyss:2)
  2 naga zombies
  2 stone giant skeletons (Pan)
  17 elephants
  27 vault sentinels
  A black mamba (Lair:3)
  2 dire elephant zombies (Crypt:1)
  4 water nymphs
  5 titan simulacra
  8 guardian serpents
  A torpor snail (shapeshifter) (Vaults:5)
  6 molten gargoyles
  2 elf skeletons (Vaults:3)
  12 spectral swamp worms (Tar:7)
  2 rust devils
  A shock serpent zombie (Crypt:1)
  5 torpor snails
  Maggie (D:6)
  47 smoke demons
  40 orange demons
  21 cane toads
  4 eyes of devastation
  37 demonic crawlers
  7 centaur skeletons
  2 naga skeletons
  4 rime drakes
  6 unseen horrors
  37 yaktaurs
  23 hellions
  29 tormentors
  7 freezing wraiths
  25 efreet
  A pale draconian skeleton (Crypt:2)
  4 tengu conjurers
  5 alligator snapping turtle skeletons
  A yaktaur (shapeshifter) (Elf:1)
  28 hellwings
  An anaconda simulacrum (Coc:2)
  3 spectral nagas
  A yaktaur zombie (Vaults:3)
  3 bunyip simulacra
  10 komodo dragons
  A black draconian skeleton (Crypt:2)
  A komodo dragon (shapeshifter) (Vaults:5)
  8 ancient zymes
  A human skeleton (Vaults:3)
  3 iron giant simulacra
  4 ice devils
  A yaktaur skeleton (Vaults:3)
  9 red devils
  A meliai (shapeshifter) (Vaults:5)
  A queen bee (Spider:2)
  6 spectral harpies
  A silent spectre (Abyss:3)
  10 meliai
  A death yak skeleton (Crypt:2)
  3 tyrant leeches (Lair:5)
  A harpy zombie (Crypt:1)
  6 trolls
  A queen bee (shapeshifter) (Abyss:3)
  A wind drake (Shoals:1)
  A polar bear (Lair:4)
  A shadow dragon simulacrum (Coc:1)
  27 tarantellas
  57 saltlings (Desolation)
  3 hydra skeletons
  18 blink frogs
  7 hornets
  2 iron dragon simulacra
  A jumping spider zombie (Crypt:2)
  32 merfolk
  70 slime creatures
  15 snapping turtles
  A tyrant leech (shapeshifter) (Vaults:5)
  Prince Ribbit (D:5)
  An ettin zombie (Crypt:1)
  7 harpy skeletons
  28 raiju
  8 dream sheep
  40 flying skulls
  5 air elementals
  42 jumping spiders
  A satyr skeleton (Crypt:2)
  2 ettin skeletons
  2 human simulacra (Vaults:4)
  2 shadows
  11 water elementals
  2 vampires
  54 ynoxinuls
  An elf simulacrum (Vaults:3)
  2 naga simulacra
  31 yaks
  20 culicivoras
  7 wraiths
  4 dire elephant simulacra
  4 wyverns
  An elf zombie (Vaults:3)
  34 fire elementals
  11 golden eyes
  91 large abominations
  Grum (D:8)
  5 basilisks
  5 alligator snapping turtle simulacra (Shoals:1)
  29 neqoxecs
  43 redbacks
  40 chaos spawn
  2 death yak simulacra (Shoals:1)
  11 harpy simulacra
  12 vampire mosquitoes
  Edmund (D:6)
  7 spatial vortices (Abyss:3)
  2 wargs
  A water nymph zombie (Crypt:1)
  2 glowing shapeshifter zombies
  14 water moccasins
  11 hell hounds
  A demonspawn skeleton (Pan)
  A floating eye (Depths:3)
  A merfolk skeleton (Crypt:1)
  A swamp drake (D:10)
  An ettin simulacrum (Coc:1)
  2 sky beasts
  2 ice beasts
  31 small abominations
  2 black bears
  18 orc warriors
  An ice dragon simulacrum (Coc:1)
  2 satyr simulacra (Shoals:1)
  3 boggarts (Vaults:2)
  16 centaurs
  5 wolves
  28 ogres
  A lindwurm skeleton (Crypt:1)
  2 phantoms
  10 bullfrogs
  2 kobold brigands
  7 necrophages
  3 merfolk simulacra (Shoals:1)
  A gnoll sergeant (D:5)
  3 scorpions
  A faun simulacrum (Shoals:1)
  A two-headed ogre simulacrum (Coc:2)
  2 draconian skeletons
  6 wights
  6 earth elementals
  3 manticore simulacra (Shoals:1)
  A snapping turtle simulacrum (Shoals:1)
  33 killer bees
  7 howler monkeys
  3 electric eels
  5 jellies
  5 quasits
  7 hounds
  24 orc priests
  6 iron imps
  4 cyclops simulacra (Shoals:1)
  2 iguanas
  19 orc wizards
  6 hell rats (Hell)
  A deep dwarf zombie (Crypt:1)
  A centaur simulacrum (Shoals:1)
  A hound skeleton (D:7)
  4 gnolls
  10 adders
  2 river rats (D:3)
  5 white imps
  5 ufetubi
  2 worms
  4 dart slugs
  82 orcs
  6 ball pythons
  2 bats
  9 endoplasms
  6 giant cockroaches
  7 goblins
  11 hobgoblins
  4 jackals (D:1)
  16 kobolds
  4 quokkas
  2 frilled lizards (D:2)
  A frilled lizard skeleton (Crypt:2)
  A hobgoblin skeleton (Crypt:2)
  A hobgoblin zombie (Crypt:2)
  5 rats
  A rat zombie (Crypt:2)
  5 fire vortices (Pan)
  A lurking horror (Abyss:3)
  A plant (Depths:4)
  18 starspawn tentacles
  2 tentacles
4442 creatures vanquished.

Vanquished Creatures (collateral kills)
  Ereshkigal (Tar:7)
  Gloorx Vloq (Pan)
  the Serpent of Hell (Tar:7)
  A shard shrike (Coc:4)
  2 caustic shrikes
  2 profane servitors
  6 bone dragons
  2 doom hounds
  2 Tzitzimimeh
  A Hell Sentinel (Dis:7)
  9 tainted leviathans
  2 Executioners (Pan)
  A ghost moth (Pan)
  2 balrugs (Pan)
  A spectral caustic shrike (Tar:3)
  A cacodemon (Pan)
  A juggernaut skeleton (Pan)
  6 putrid mouths
  An elemental wellspring (Coc:4)
  3 lorocyprocas (Pan)
  2 iron golems (Dis:4)
  A spectral spriggan (Tar:5)
  A hell beast (Pan)
  A soul eater (Pan)
  A sun demon (Pan)
  A smoke demon (Pan)
  An orange demon (Pan)
  2 hellions (Tar:3)
  A tormentor (Tar:3)
  A hellwing (Pan)
  A spectral harpy (Tar:7)
  5 large abominations (Pan)
  3 chaos spawn (Pan)
  4 neqoxecs (Pan)
71 creatures vanquished.

Vanquished Creatures (others)
  An ancient lich (Coc:4)
  A pandemonium lord (Pan)
  A caustic shrike (Dis:4)
  A titan (Depths:1)
  A shard shrike simulacrum (Coc:5)
  A stone giant (Crypt:1)
  A reaper (Pan)
  A purple draconian (Zot:4)
  A blizzard demon (Pan)
  2 soul eaters (Pan)
  A large abomination (Pan)
  A deep troll (Depths:4)
  A harpy (Shoals:4)
  A smoke demon (Pan)
  A dire elephant simulacrum (Coc:1)
  A ynoxinul (Pan)
  A redback (Spider:1)
  A human (D:5)
  2 fire vortices (Pan)
  7 foxfires
  29 fungi
  3 lurking horrors
  164 plants
  19 starspawn tentacles
  13 tentacles
  A withered plant (Desolation)
257 creatures vanquished.

Grand Total: 4770 creatures vanquished

Notes
Turn   | Place    | Note
-------+----------+-------------------------------------------
     0 | D:5      | ragingrage the Minotaur Delver began the quest for the Orb.
     0 | D:5      | Reached XP level 1. HP: 19/19 MP: 0/0
    47 | D:5      | Noticed Prince Ribbit
    73 | D:4      | Noticed a centaur
   381 | D:4      | Noticed an iguana
   381 | D:4      | Noticed a hound
   387 | D:3      | Killed a hound
   388 | D:3      | Reached XP level 2. HP: 19/26 MP: 1/1
   388 | D:3      | Reached XP level 3. HP: 23/31 MP: 2/2
   654 | D:2      | Found a faded altar of an unknown god.
   772 | D:1      | Reached skill level 5 in Axes
   901 | D:1      | Reached XP level 4. HP: 36/39 MP: 3/3
  2389 | D:3      | Reached XP level 5. HP: 40/45 MP: 4/4
  3207 | D:3      | Reached XP level 6. HP: 49/51 MP: 5/5
  3511 | D:4      | Reached XP level 7. HP: 53/57 MP: 6/6
  3615 | D:4      | Found a snail-covered altar of Cheibriados.
  3667 | D:4      | Found a staircase to the Ecumenical Temple.
  3848 | Temple   | Entered the Ecumenical Temple
  4446 | D:5      | Reached skill level 10 in Axes
  4513 | D:5      | Found an ancient bone altar of Kikubaaqudgha.
  4514 | D:5      | Noticed a human
  4516 | D:5      | Killed a human
  4577 | D:5      | Found Ugyanlue's Distillery.
  4586 | D:5      | Bought a potion of curing for 33 gold pieces
  4586 | D:5      | Bought a potion of heal wounds for 55 gold pieces
  4586 | D:5      | Bought a potion of mutation for 88 gold pieces
  4586 | D:5      | Bought a potion of resistance for 110 gold pieces
  5024 | D:5      | Identified the ring of Yendor {MP+9 AC+4 Dex+4}
  5222 | D:5      | Killed Prince Ribbit
  5223 | D:5      | Reached skill level 5 in Fighting
  5223 | D:5      | Reached XP level 8. HP: 24/69 MP: 7/7
  6240 | D:6      | Found an iron altar of Okawaru.
  6265 | D:6      | Became a worshipper of Warmaster Okawaru
  6413 | D:6      | Noticed Edmund
  6425 | D:6      | Killed Edmund
  6426 | D:6      | Reached XP level 9. HP: 71/79 MP: 8/8
  6694 | D:6      | Noticed Maggie
  6723 | D:6      | Killed Maggie
  7075 | D:7      | Found a burning altar of Makhleb.
  7294 | D:7      | Reached * piety under Okawaru
  8840 | D:8      | Reached ** piety under Okawaru
  8870 | D:8      | Noticed Grum
  8894 | D:8      | Killed Grum
  9161 | D:8      | Reached XP level 10. HP: 90/91 MP: 9/9
  9372 | D:8      | Found a glowing golden altar of the Shining One.
  9564 | D:8      | Found a bloodstained altar of Trog.
  9600 | D:8      | Noticed Pikel
  9603 | D:8      | Noticed Pikel
  9603 | D:8      | Pikel changed into Pikel the raiju
  9613 | D:8      | Killed Pikel the raiju
  9614 | D:8      | Reached skill level 15 in Axes
 10328 | D:9      | Reached *** piety under Okawaru
 10573 | D:9      | Reached skill level 10 in Fighting
 11679 | D:9      | Noticed a centaur warrior
 11697 | D:9      | Killed a centaur warrior
 11697 | D:9      | Reached **** piety under Okawaru
 12068 | D:10     | Entered Level 10 of the Dungeon
 12106 | D:10     | Found a runed translucent door.
 12106 | D:10     | Noticed siradein's ghost (journeyman GnHu)
 12482 | D:10     | Reached XP level 11. HP: 56/99 MP: 10/10
 12677 | D:10     | Reached ***** piety under Okawaru
 12747 | D:10     | Found a staircase to the Lair.
 12982 | D:10     | Received a gift from Okawaru
 12983 | D:10     | Reached skill level 1 in Armour
 13039 | D:10     | Reached skill level 1 in Invocations
 13412 | D:10     | Reached skill level 1 in Throwing
 13895 | D:11     | Found a runed translucent door.
 13897 | D:11     | Found a shimmering altar of Xom.
 13897 | D:11     | Noticed gdog's ghost (journeyman GnDe)
 13898 | D:11     | Noticed a +0 dire flail of chaos
 13933 | D:11     | Noticed a two-headed ogre
 13943 | D:11     | Killed a two-headed ogre
 14323 | D:11     | Noticed Erica
 14357 | D:11     | Killed Erica
 14748 | D:11     | Found a staircase to the Orcish Mines.
 15135 | D:12     | Noticed a six-headed hydra
 15143 | D:12     | Killed a one-headed hydra
 15143 | D:12     | Received a gift from Okawaru
 15301 | D:12     | Received a gift from Okawaru
 15302 | D:12     | Reached skill level 5 in Armour
 15536 | D:12     | Reached ****** piety under Okawaru
 15538 | D:12     | Received a gift from Okawaru
 15649 | D:12     | Noticed a deep elf pyromancer
 15662 | D:12     | Killed a deep elf pyromancer
 15829 | D:12     | Reached XP level 12. HP: 102/110 MP: 14/14
 16513 | Lair:1   | Entered Level 1 of the Lair of Beasts
 16518 | Lair:1   | Reached skill level 5 in Invocations
 16638 | Lair:1   | Reached skill level 5 in Throwing
 16644 | Lair:1   | Received a gift from Okawaru
 16863 | Lair:1   | Found a stormy altar of Qazlal.
 17002 | Lair:1   | Identified the +8 trident of the Magi {drain, rF+++ Int-5
                  | Dex+6 Stlth+}
 17606 | Lair:2   | Identified a scroll of acquirement
 17612 | Lair:2   | Acquired a +0 hat of stealth
 17696 | Lair:2   | Found a staircase to the Shoals.
 18400 | Lair:3   | Identified the +5 ring mail "Vilauveg" {Int+4}
 18467 | Lair:3   | Found a hole to the Spider Nest.
 18811 | Lair:3   | Identified the +0 pair of gloves "Zolee" {rC+ Str+4}
                  | (Okawaru gifted it to you on level 3 of the Lair of Beasts)
 18811 | Lair:3   | Received a gift from Okawaru
 19075 | Lair:3   | Noticed a boulder beetle
 19089 | Lair:3   | Killed a boulder beetle
 19257 | Lair:3   | Found the +3 pair of seven-league boots {Rampage+∞}
 19474 | Lair:3   | Reached skill level 10 in Armour
 19474 | Lair:3   | Reached XP level 13. HP: 123/123 MP: 15/15
 19970 | Lair:4   | Reached skill level 15 in Fighting
 20016 | Lair:4   | Reached skill level 1 in Evocations
 20490 | Lair:4   | Received a gift from Okawaru
 20979 | Lair:4   | Noticed a quicksilver ooze
 20982 | Lair:4   | Killed a quicksilver ooze
 21155 | Lair:5   | Entered Level 5 of the Lair of Beasts
 21165 | Lair:5   | Received a gift from Okawaru
 21214 | Lair:5   | Received a gift from Okawaru
 21791 | Lair:5   | Reached XP level 14. HP: 104/135 MP: 17/17
 21807 | Lair:5   | Reached skill level 5 in Dodging
 21863 | Lair:5   | Found a staircase to the Slime Pits.
 21870 | Lair:5   | Received a gift from Okawaru
 22657 | Lair:5   | Identified the ring "Ireav" {rF+ Str+3 Int+6 Dex+2 Stlth+}
 23280 | Orc:1    | Entered Level 1 of the Orcish Mines
 23636 | Orc:2    | Entered Level 2 of the Orcish Mines
 23853 | Orc:2    | Identified the +0 pair of gloves of Runuareo {+Inv}
                  | (Okawaru gifted it to you on level 2 of the Orcish Mines)
 23853 | Orc:2    | Received a gift from Okawaru
 23873 | Orc:2    | Reached skill level 5 in Evocations
 24673 | Orc:2    | Found a staircase to the Elven Halls.
 25120 | Orc:2    | Found Oniryol's Jewellery Boutique.
 25120 | Orc:2    | Found Bahetaam's General Store.
 25121 | Orc:2    | Found Vitecs's Antique Weapon Shoppe.
 25121 | Orc:2    | Found Inuparah's Distillery.
 25218 | Orc:2    | Bought a brightly glowing hand axe for 232 gold pieces
 25218 | Orc:2    | Identified the +9 hand axe "Zorompuv" {venom, rElec rPois
                  | rC++ Int-4} (You bought it in a shop on level 2 of the
                  | Orcish Mines)
 25219 | Orc:2    | Bought a potion of haste for 150 gold pieces
 25220 | Orc:2    | Bought a scroll of teleportation for 33 gold pieces
 25221 | Orc:2    | Bought an amulet of regeneration for 330 gold pieces
 25641 | D:13     | Found Pavukod's Armour Emporium.
 25720 | D:13     | Found a portal to a secret trove of treasure.
 25900 | D:13     | You paid a toll of 3 potions of resistance to enter a
                  | treasure trove
 25901 | Trove    | Entered a treasure trove
 25903 | Trove    | Found the brooch of Shielding {Spirit SH+8}
 25905 | Trove    | Identified the ring of the Chupacabra {rElec AC+4 Str+6
                  | SInv}
 25907 | Trove    | Identified the ring "Igusorgh" {rN+ Will++ MP+9 Slay+4
                  | Stlth-}
 25913 | Trove    | Identified the ring "Xaiveimn" {+Blink rElec Dex+6}
 25915 | Trove    | Identified the amulet "Taafol" {Reflect Fly Will+ Str-4
                  | SH+5}
 25918 | Trove    | Identified the ring of Fazxeofe {Contam rPois Int+4 SInv}
 25924 | Trove    | Identified the ring of Xom's Flight of Fancy {rC++ rN+
                  | Slay+4}
 25926 | Trove    | Identified the ring of Livonwod {rF- rC+ Will+++ Str-2
                  | Slay+5}
 25931 | Trove    | Identified the ring of Juarefra {rPois rF+ rC+ Will- MP+9}
 26294 | D:13     | Reached XP level 15. HP: 111/145 MP: 15/19
 26299 | D:13     | Identified the +3 flail "Deetuah" {vorpal, Dex+2}
 26540 | D:13     | Identified the +1 pair of boots of Purpose {rC+} (Okawaru
                  | gifted it to you on level 13 of the Dungeon)
 26540 | D:13     | Received a gift from Okawaru
 27115 | D:14     | You fall into a shaft and drop 1 floor!
 27115 | D:15     | Entered Level 15 of the Dungeon
 27413 | D:14     | Found a snail-covered altar of Cheibriados.
 28114 | D:14     | Found a gate to the Vaults.
 28209 | D:15     | Found a shadowy altar of Dithmenos.
 28734 | D:15     | Found a staircase to the Depths.
 28818 | D:15     | Received a gift from Okawaru
 29684 | Spider:1 | Entered Level 1 of the Spider Nest
 29720 | Spider:1 | Identified the +1 cloak "Ompig" {rC+ Int+4} (Okawaru gifted
                  | it to you on level 1 of the Spider Nest)
 29720 | Spider:1 | Received a gift from Okawaru
 29729 | Spider:1 | Reached skill level 1 in Ranged Weapons
 30544 | Spider:1 | Reached XP level 16. HP: 144/159 MP: 20/20
 31077 | Spider:2 | You fall into a shaft and drop 1 floor!
 31251 | Spider:3 | Reached skill level 5 in Ranged Weapons
 31703 | Spider:2 | Noticed Azrael
 31715 | Spider:2 | Killed Azrael
 31715 | Spider:2 | Received a gift from Okawaru
 32158 | Spider:2 | Noticed Arachne
 32174 | Spider:2 | Killed Arachne
 33831 | Spider:3 | Identified the +1 robe of Complete Protection {Slay+3}
 34257 | Spider:4 | Entered Level 4 of the Spider Nest
 34298 | Spider:4 | Identified the +9 battleaxe of Arbitration {distort, rPois
                  | Will+ Str-4} (Okawaru gifted it to you on level 4 of the
                  | Spider Nest)
 34298 | Spider:4 | Received a gift from Okawaru
 34872 | Spider:4 | Reached skill level 10 in Evocations
 34907 | Spider:4 | Received a gift from Okawaru
 34919 | Spider:4 | Reached XP level 17. HP: 145/170 MP: 5/21
 34930 | Spider:4 | Received a gift from Okawaru
 35326 | Spider:4 | Received a gift from Okawaru
 35327 | Spider:4 | Found the +6 arbalest "Damnation" {damnation}
 35335 | Spider:4 | Reached skill level 10 in Ranged Weapons
 35654 | Spider:4 | Got a gossamer rune of Zot
 36120 | Shoals:1 | Entered Level 1 of the Shoals
 36595 | Shoals:1 | Noticed Louise
 36605 | Shoals:1 | Killed Louise
 36923 | Shoals:1 | Found a runed translucent gate.
 36924 | Shoals:1 | Found a runed translucent gate.
 36925 | Shoals:1 | Found a runed translucent gate.
 37615 | Shoals:2 | Found Atojeuf's General Store.
 37667 | Shoals:2 | Bought a scroll of teleportation for 48 gold pieces
 37680 | Shoals:2 | Identified the +9 triple crossbow "Itorchem" {elec, Str-5
                  | Int+8} (Okawaru gifted it to you on level 2 of the Shoals)
 37680 | Shoals:2 | Received a gift from Okawaru
 37777 | Shoals:2 | Identified the +0 pair of boots of Starshine {rPois Int+2}
 38361 | Shoals:3 | Noticed Ilsuiw
 38370 | Shoals:3 | Received a gift from Okawaru
 38371 | Shoals:3 | Found the +3 Mad Mage's Maulers {Infuse+∞ RegenMP Int-3}
 38372 | Shoals:3 | Killed Ilsuiw
 39267 | Shoals:3 | Noticed a kraken
 39276 | Shoals:3 | Killed a kraken
 39657 | Shoals:4 | Entered Level 4 of the Shoals
 39673 | Shoals:4 | Reached skill level 15 in Ranged Weapons
 39675 | Shoals:4 | Reached XP level 18. HP: 120/178 MP: 18/22
 40467 | Shoals:4 | Identified the +4 plate armour of Nuumetho {Harm *Slow
                  | rCorr Str+3} (Okawaru gifted it to you on level 4 of the
                  | Shoals)
 40467 | Shoals:4 | Received a gift from Okawaru
 41110 | Shoals:4 | Got a barnacled rune of Zot
 42105 | Shoals:4 | Found Unosm's Antique Weapon Shoppe.
 42187 | Shoals:4 | Bought a glowing broad axe for 203 gold pieces
 42792 | Elf:1    | Entered Level 1 of the Elven Halls
 42871 | Elf:1    | Found a magical portal.
 42875 | WizLab   | Entered Yara's Duelist Academy
 43171 | WizLab   | Noticed Ovarr
 43195 | WizLab   | Killed Ovarr the Head Instructor
 43716 | WizLab   | Reached skill level 15 in Armour
 43910 | Elf:1    | Received a gift from Okawaru
 43940 | Elf:1    | Noticed Jorgrun
 43951 | Elf:1    | Killed Jorgrun
 44066 | Elf:1    | Identified the +3 shortbow "Qint" {speed, +Blink Will-
                  | Int+3}
 44080 | Elf:1    | Noticed Asceticacid's ghost (adept MeBe)
 44345 | Elf:1    | Found a runed translucent gate.
 44346 | Elf:1    | Found a runed translucent gate.
 44347 | Elf:1    | Found a runed translucent gate.
 44405 | Elf:1    | Paralysed by an air elemental for 1 turns
 44716 | Elf:1    | Gained mutation: You are frail. (-10% HP) [a neqoxec]
 44723 | Elf:1    | Reached XP level 19. HP: 166/166 MP: 23/23
 44723 | Elf:1    | Lost mutation: You are frail. (-10% HP) [potion of
                  | mutation]
 44723 | Elf:1    | Gained mutation: You do not regenerate when monsters are
                  | visible. [potion of mutation]
 44735 | Elf:1    | Lost mutation: You do not regenerate when monsters are
                  | visible. [potion of mutation]
 44735 | Elf:1    | Gained mutation: Your flesh is cold resistant. (rC+)
                  | [potion of mutation]
 44735 | Elf:1    | Gained mutation: You are frail. (-10% HP) [potion of
                  | mutation]
 44735 | Elf:1    | Gained mutation: You have large cloven feet. [potion of
                  | mutation]
 45057 | Elf:1    | Noticed Roxanne
 45067 | Elf:1    | Killed Roxanne
 45332 | Elf:1    | Killed Asceticacid's ghost
 45348 | Elf:1    | Identified the +3 hat "Quchouma" {*Slow rF+ Int+4 Dex+3}
 45481 | Elf:2    | Found Isiphiss's Distillery.
 45483 | Elf:2    | Found Puetic's Weapon Boutique.
 45485 | Elf:2    | Found Nozu's Weapon Shop.
 45509 | Elf:2    | Bought a potion of curing for 30 gold pieces
 45509 | Elf:2    | Bought a potion of heal wounds for 50 gold pieces
 45509 | Elf:2    | Bought a potion of heal wounds for 50 gold pieces
 45509 | Elf:2    | Bought a potion of cancellation for 80 gold pieces
 45509 | Elf:2    | Bought a potion of heal wounds for 50 gold pieces
 45509 | Elf:2    | Bought a potion of cancellation for 80 gold pieces
 46170 | Elf:2    | Identified the +1 pair of gloves of a bailey {Harm MP+9}
                  | (Okawaru gifted it to you on level 2 of the Elven Halls)
 46170 | Elf:2    | Received a gift from Okawaru
 46261 | Elf:2    | Identified the +2 war axe "Iruykhyi" {holy, Str+3}
 46642 | Elf:2    | Found a huge runed translucent gate.
 46642 | Elf:2    | Found a huge runed translucent gate.
 46642 | Elf:2    | Found a huge runed translucent gate.
 46642 | Elf:2    | Found a huge runed translucent gate.
 46642 | Elf:2    | Found a huge runed translucent gate.
 47470 | Elf:3    | Entered Level 3 of the Elven Halls
 48330 | Elf:3    | Noticed a Tzitzimitl
 48728 | Elf:3    | Received a gift from Okawaru
 48789 | Elf:3    | Identified the +12 trident of Pixkar {drain, Fly rF- rC+++
                  | Str-4}
 48789 | Elf:3    | Identified the +8 fire dragon scales of the Robin {-Tele
                  | +Inv rF++ rC- Stlth+}
 48789 | Elf:3    | Identified the ring "Arghefifa" {Wiz Int+5}
 48970 | Elf:3    | Received a gift from Okawaru
 49181 | Elf:3    | Reached XP level 20. HP: 151/167 MP: 24/24
 49189 | Elf:3    | Identified the +0 robe of Free Expression {Str+2 Int+4
                  | Stlth+}
 49390 | Elf:3    | Identified the +4 mace of Kitukaz {vorpal, *Rage Will-
                  | Str+9 SInv}
 49498 | Elf:3    | Got Daleifao's Anthology of Hurting
 49501 | Elf:3    | Got Rib Suca's Papyrus of Spellbinding and Graupel
 49976 | Lair:4   | Received a gift from Okawaru
 50527 | Depths:1 | Entered Level 1 of the Depths
 50840 | Depths:1 | Noticed a caustic shrike
 50845 | Depths:1 | a caustic shrike changed into a shadow dragon
 51320 | Depths:1 | Found a gateway to Hell.
 51326 | Depths:1 | Identified the ring of Buuthir {rC++ rCorr Str+6 Stlth-}
 51371 | Depths:1 | Found a white marble altar of Elyvilon.
 51433 | Depths:1 | Found a one-way gateway to a ziggurat.
 51444 | Depths:1 | Gained mutation: Your body sometimes deteriorates upon
                  | taking damage. [a shining eye]
 51464 | Depths:1 | Received a gift from Okawaru
 51927 | Depths:1 | Got the Monograph on the Topological Chill
 52135 | Depths:1 | Found a one-way gate to the infinite horrors of the Abyss.
 52861 | Depths:2 | Identified the +0 storm dragon scales of Eternal Night
                  | {Rampage rElec Int+4 Dex+3 SInv} (Okawaru gifted it to you
                  | on level 2 of the Depths)
 52861 | Depths:2 | Received a gift from Okawaru
 54719 | Depths:2 | Found a one-way gate leading to the halls of Pandemonium.
 54726 | Depths:2 | Acquired the +1 pair of gloves "Sikuneps" {-Cast rPois
                  | Will+++ Int-5}
 54764 | Depths:2 | Found a broken altar of Ashenzari.
 54936 | Depths:2 | Found a corrupted altar of Lugonu.
 54956 | Depths:2 | Reached XP level 21. HP: 180/180 MP: 25/25
 55452 | Depths:2 | Found a transporter.
 55638 | Depths:3 | Reached skill level 10 in Dodging
 55766 | Depths:3 | Noticed a golden dragon
 55779 | Depths:3 | Killed a golden dragon
 56056 | Vaults:1 | Entered Level 1 of the Vaults
 56482 | Vaults:1 | Received a gift from Okawaru
 57585 | Vaults:1 | Received a gift from Okawaru
 58839 | Vaults:2 | Found Yqecuz's Weapon Shop.
 58868 | Vaults:2 | Noticed Nikola
 58877 | Vaults:2 | Killed Nikola
 58897 | Vaults:2 | Found Ustrorphy's Distillery.
 58919 | Vaults:2 | Identified the +8 scimitar of Agaijen {venom, Dex+4}
 58922 | Vaults:2 | Bought a potion of might for 56 gold pieces
 58922 | Vaults:2 | Bought a potion of might for 56 gold pieces
 58922 | Vaults:2 | Bought a potion of might for 56 gold pieces
 58922 | Vaults:2 | Bought a potion of resistance for 140 gold pieces
 58922 | Vaults:2 | Bought a potion of curing for 42 gold pieces
 58925 | Vaults:2 | Found Paejed's Distillery.
 58931 | Vaults:2 | Bought 2 potions of heal wounds for 200 gold pieces
 58931 | Vaults:2 | Bought a potion of curing for 60 gold pieces
 58931 | Vaults:2 | Bought a potion of heal wounds for 100 gold pieces
 58931 | Vaults:2 | Bought a potion of haste for 200 gold pieces
 58987 | Vaults:2 | Noticed Donald
 58990 | Vaults:2 | Upgraded the game from 0.29-a0-1023-g6ae1a4a2c7 to
                  | 0.29-a0-1027-gcd8c55af63
 59008 | Vaults:2 | Killed Donald
 59664 | Vaults:2 | Found Puatuox's Antique Armour Emporium.
 59671 | Vaults:2 | Bought a pair of jewelled boots for 342 gold pieces
 59671 | Vaults:2 | Identified the +1 pair of boots of Death's Door {*Corrode
                  | rElec Str+5 Stlth+} (You bought it in a shop on level 2 of
                  | the Vaults)
 59679 | Vaults:2 | Found Houch's Magic Scroll Emporium.
 59684 | Vaults:2 | Bought a scroll of teleportation for 30 gold pieces
 59684 | Vaults:2 | Bought a scroll of teleportation for 30 gold pieces
 60161 | Vaults:2 | Received a gift from Okawaru
 60354 | Vaults:3 | Found Wetoq's Distillery.
 60401 | Vaults:3 | Bought a potion of curing for 63 gold pieces
 60401 | Vaults:3 | Bought a potion of curing for 63 gold pieces
 60401 | Vaults:3 | Bought a potion of heal wounds for 105 gold pieces
 60401 | Vaults:3 | Bought a potion of might for 84 gold pieces
 60407 | Vaults:3 | Found Waoschoopp's Distillery.
 60412 | Vaults:3 | Bought a potion of mutation for 120 gold pieces
 60412 | Vaults:3 | Bought a potion of heal wounds for 75 gold pieces
 60412 | Vaults:3 | Bought a potion of mutation for 120 gold pieces
 60412 | Vaults:3 | Bought a potion of resistance for 150 gold pieces
 60412 | Vaults:3 | Bought a potion of curing for 45 gold pieces
 60412 | Vaults:3 | Bought a potion of might for 60 gold pieces
 60412 | Vaults:3 | Bought a potion of haste for 150 gold pieces
 60439 | Vaults:3 | Reached XP level 22. HP: 151/189 MP: 27/27
 60580 | Vaults:3 | Found Yggenax's Antique Armour Shoppe.
 60583 | Vaults:3 | Bought a pair of runed boots for 210 gold pieces
 61141 | Vaults:3 | Received a gift from Okawaru
 61333 | Vaults:3 | Found a staircase to the Crypt.
 61480 | Vaults:3 | Found Hufuem's Assorted Antiques.
 61488 | Vaults:3 | Bought a granite ring for 165 gold pieces
 61731 | Vaults:3 | Noticed Asterion
 61742 | Vaults:3 | Killed Asterion
 62336 | Vaults:3 | Received a gift from Okawaru
 62669 | Vaults:4 | Found a crumbling gateway.
 62673 | Desolati | Entered the Desolation of Salt
 62764 | Desolati | Identified the ring "Ykkiffal" {rPois rC+ SInv}
 62765 | Desolati | Reached XP level 23. HP: 198/198 MP: 28/28
 62775 | Desolati | Identified the ring of Gillu {rPois rC+ Str+2 Int+6}
 62785 | Desolati | Found the +8 frozen axe "Frostbite" {freezing cloud, *Noise
                  | Fly rC+}
 62799 | Desolati | Received a gift from Okawaru
 62807 | Desolati | Identified the ring "Wyfearog" {rElec rPois rC+ MP-9 Str+2
                  | SInv}
 62911 | Desolati | Identified the quicksilver dragon scales of Inaction {Will+
                  | Str+2}
 62926 | Desolati | Identified the +8 glaive "Undertaker" {flame, rC+++ rCorr
                  | Int-4 Dex-4}
 62963 | Desolati | Identified the ring of Qyceax {rF- rC+ Will+++ Int+6}
 63267 | Desolati | Identified the amulet of Taybixedgh {Spirit rCorr Int+7}
 64371 | Vaults:4 | Identified the +7 shortbow of the Keeping Firefly {venom,
                  | rPois rC+ rN+++ Str-5}
 64902 | Vaults:4 | Identified the +2 flail of the Forest {vorpal, rPois rCorr
                  | Int+4 Dex-4}
 64941 | Vaults:4 | Identified the +1 ring mail "Viriso Oggu" {Dex+4} (Okawaru
                  | gifted it to you on level 4 of the Vaults)
 64941 | Vaults:4 | Received a gift from Okawaru
 64942 | Vaults:4 | Reached XP level 24. HP: 198/207 MP: 28/28
 65277 | Vaults:4 | Identified the +1 leather armour of the Alphagorgon {rC++}
 65871 | Depths:3 | Found a white marble altar of Elyvilon.
 65871 | Depths:3 | Found a blossoming altar of Fedhas.
 65872 | Depths:3 | Found a shimmering altar of Xom.
 65904 | Depths:3 | Noticed a juggernaut
 65919 | Depths:3 | Killed a juggernaut
 65920 | Depths:3 | Reached skill level 15 in Dodging
 66815 | Depths:3 | Noticed Xtahua
 66883 | Depths:3 | Killed Xtahua
 67148 | Depths:3 | Identified the +1 robe of Greed {Fly rPois rC+}
 67564 | Depths:3 | Identified the ring of Xom's Entertainment {Contam rN+
                  | Str-4 Int+9 SInv}
 68054 | Depths:4 | Entered Level 4 of the Depths
 68063 | Depths:4 | Received a gift from Okawaru
 68334 | Depths:4 | Received a gift from Okawaru
 68660 | Depths:4 | Received a gift from Okawaru
 68730 | Depths:4 | Received a gift from Okawaru
 68745 | Arena    | Entered the Arena
 69278 | Depths:4 | Reached XP level 25. HP: 214/218 MP: 28/28
 69325 | Depths:4 | Reached skill level 5 in Stealth
 69666 | Depths:4 | Found a gate to the Realm of Zot.
 69800 | Depths:4 | Received a gift from Okawaru
 70269 | Depths:4 | Noticed Jory
 70270 | Depths:4 | Reached skill level 10 in Throwing
 70280 | Depths:4 | Killed Jory
 70984 | Depths:4 | Reached skill level 10 in Invocations
 71411 | Vaults:5 | Entered Level 5 of the Vaults
 71423 | Vaults:5 | Received a gift from Okawaru
 71816 | Vaults:5 | Identified the +8 crystal plate armour of Undesirable
                  | Species {rN+ Will+} (Okawaru gifted it to you on level 5 of
                  | the Vaults)
 71816 | Vaults:5 | Received a gift from Okawaru
 73004 | Vaults:5 | Noticed Frederick
 73228 | Vaults:5 | Killed Frederick
 73374 | Vaults:5 | Noticed an ancient lich
 73382 | Vaults:5 | Killed an ancient lich
 73422 | Vaults:5 | Reached XP level 26. HP: 228/228 MP: 30/30
 73866 | Vaults:5 | Found Oziap's Antique Weapon Shoppe.
 74085 | Vaults:5 | Identified the ring "Raxkann" {Drain rElec rC+ Int+5}
 74131 | Vaults:5 | Got the Spellbook of the Harmful Dead
 74132 | Vaults:5 | Identified the +0 robe of Myerieh {rF+ rCorr}
 74197 | Vaults:5 | Identified the +1 scale mail "Bijud" {Rampage rElec Int-5
                  | Stlth+}
 74207 | Vaults:5 | Identified the +1 pair of boots "Forget-Me-Not" {Str+2}
 74354 | Vaults:5 | Got a silver rune of Zot
 74359 | Vaults:5 | Got Sif Muna's Vellum of Amorphous Command
 74382 | Vaults:5 | Identified the +7 hand axe "Death Rattle" {drain, rF+ rN++}
 74449 | Vaults:5 | Got the Atlas of the Productive Boulder
 74524 | Vaults:5 | Identified the +10 arbalest of Fimbulwinter {flame, Will+
                  | Dex+3}
 75422 | Depths:1 | Voluntarily entered the Abyss.
 75752 | Abyss:1  | Received a gift from Okawaru
 75766 | Depths:1 | Escaped the Abyss
 75862 | Depths:1 | Voluntarily entered the Abyss.
 76400 | Abyss:2  | Received a gift from Okawaru
 76748 | Abyss:3  | Found a corrupted altar of Lugonu.
 76755 | Abyss:3  | Found a corrupted altar of Lugonu.
 76804 | Abyss:3  | Found a corrupted altar of Lugonu.
 76853 | Abyss:3  | Noticed a dread lich
 76869 | Abyss:3  | Killed a dread lich
 76877 | Depths:1 | Escaped the Abyss
 77341 | Depths:1 | Voluntarily entered the Abyss.
 77505 | Abyss:3  | Gained mutation: You are dopey. (Int -2) [a neqoxec]
 77704 | Abyss:3  | Received a gift from Okawaru
 77902 | Abyss:3  | Found a corrupted altar of Lugonu.
 78031 | Abyss:3  | Identified the +13 crystal plate armour "Dodgh" {+Inv
                  | rCorr} (Okawaru gifted it to you on level 3 of the Abyss)
 78031 | Abyss:3  | Received a gift from Okawaru
 78231 | Depths:1 | Escaped the Abyss
 78470 | Depths:1 | Voluntarily entered the Abyss.
 78498 | Abyss:3  | Found a runed translucent door.
 78999 | Abyss:3  | Paralysed by an air elemental for 1 turns
 79221 | Abyss:3  | Reached skill level 10 in Stealth
 79287 | Abyss:3  | Gained mutation: Your body often deteriorates upon taking
                  | damage. [a cacodemon]
 79307 | Abyss:3  | Reached XP level 27. HP: 147/239 MP: 31/31
 79504 | Abyss:3  | Got an abyssal rune of Zot
 79966 | Depths:1 | Escaped the Abyss
 80530 | Slime:1  | Entered Level 1 of the Pits of Slime
 80725 | Slime:2  | Reached skill level 27 in Armour
 80800 | Slime:3  | Received a gift from Okawaru
 80848 | Slime:5  | Entered Level 5 of the Pits of Slime
 81108 | Slime:5  | Noticed the Royal Jelly
 81119 | Slime:5  | Killed the Royal Jelly
 81119 | Slime:5  | Identified the +1 scale mail "Esuuf" {Rampage rF+++ Int-3
                  | Stlth-} (Okawaru gifted it to you on level 5 of the Pits of
                  | Slime)
 81119 | Slime:5  | Received a gift from Okawaru
 81253 | Slime:5  | Got a slimy rune of Zot
 81337 | Slime:5  | Got the Volume of Ghastly Heat
 81400 | Slime:3  | Gained mutation: You occasionally lose the ability to read
                  | scrolls when taking damage. [a shining eye]
 81402 | Slime:3  | Lost mutation: You are dopey. (Int -2) [potion of mutation]
 81402 | Slime:3  | Lost mutation: Your flesh is cold resistant. (rC+) [potion
                  | of mutation]
 81402 | Slime:3  | Lost mutation: You are frail. (-10% HP) [potion of
                  | mutation]
 81402 | Slime:3  | Gained mutation: You occasionally shout uncontrollably at
                  | your foes. [potion of mutation]
 81402 | Slime:3  | Gained mutation: You have hidden genetic potential. [potion
                  | of mutation]
 82449 | Zot:1    | Entered Level 1 of the Realm of Zot
 83918 | Zot:2    | Reached skill level 15 in Throwing
 85125 | Zot:3    | Received a gift from Okawaru
 85376 | Zot:3    | Received a gift from Okawaru
 85698 | Zot:3    | Noticed a dread lich
 85711 | Zot:3    | Killed a dread lich
 85716 | Zot:3    | Received a gift from Okawaru
 86426 | Zot:3    | You fall into a shaft and drop 1 floor!
 86440 | Zot:4    | Noticed an orb of fire
 86454 | Zot:3    | Received a gift from Okawaru
 86457 | Zot:3    | Gained mutation: You are clumsy. (Dex -2) [an orb of fire]
 86458 | Zot:3    | Killed an orb of fire
 87156 | Zot:4    | Reached skill level 27 in Fighting
 87855 | Zot:4    | Received a gift from Okawaru
 88238 | Zot:5    | Entered Level 5 of the Realm of Zot
 88536 | Zot:5    | Received a gift from Okawaru
 88557 | Zot:5    | Gained mutation: You are partially covered in large bone
                  | plates. (SH +4) [hidden potential]
 88791 | Zot:5    | Received a gift from Okawaru
 88813 | Zot:5    | Noticed an ancient lich
 88818 | Zot:5    | Noticed an ancient lich
 88824 | Zot:5    | Killed an ancient lich
 88828 | Zot:5    | Killed an ancient lich
 88946 | Zot:5    | Received a gift from Okawaru
 88972 | Zot:5    | Noticed an orb of fire
 88973 | Zot:5    | Gained mutation: Your spells are a little easier to cast,
                  | but a little less powerful. [an orb of fire]
 88978 | Zot:5    | Gained mutation: Your mind is acute. (Int +4, Str/Dex -1)
                  | [an orb of fire]
 88979 | Zot:5    | Killed an orb of fire
 88997 | Zot:5    | Noticed an orb of fire
 89005 | Zot:5    | Killed an orb of fire
 89376 | Zot:5    | Noticed a dread lich
 89380 | Zot:5    | Killed a dread lich
 89383 | Zot:5    | Noticed an ancient lich
 89390 | Zot:5    | Killed an ancient lich
 89687 | Zot:5    | Noticed a dread lich
 89700 | Zot:5    | Killed a dread lich
 89966 | Zot:5    | Noticed an ancient lich
 89977 | Zot:5    | Killed an ancient lich
 90029 | Zot:5    | Received a gift from Okawaru
 90580 | Zot:5    | Noticed an orb of fire
 90585 | Zot:5    | Gained mutation: Your magical capacity is low. (-10% MP)
                  | [an orb of fire]
 90589 | Zot:5    | Killed an orb of fire
 90589 | Zot:5    | Received a gift from Okawaru
 91040 | Zot:5    | Reached skill level 15 in Invocations
 91045 | Zot:5    | Received a gift from Okawaru
 92446 | D:8      | Fell from the grace of Okawaru
 92446 | D:8      | Became a worshipper of the Shining One
 92676 | Crypt:1  | Entered Level 1 of the Crypt
 92718 | Crypt:1  | Reached * piety under the Shining One
 92732 | Crypt:1  | Reached skill level 15 in Evocations
 92880 | Crypt:1  | Reached ** piety under the Shining One
 93219 | Crypt:1  | Reached *** piety under the Shining One
 93791 | Crypt:1  | Reached **** piety under the Shining One
 94005 | Crypt:1  | Found an ancient bone altar of Kikubaaqudgha.
 94244 | Crypt:2  | Reached ***** piety under the Shining One
 94303 | Crypt:2  | Gained mutation: Your muscles are strong. (Str +4, Int/Dex
                  | -1) [hidden potential]
 94303 | Crypt:2  | Lost mutation: You have hidden genetic potential. [hidden
                  | potential expressed]
 95455 | Crypt:3  | Entered Level 3 of the Crypt
 95466 | Crypt:3  | Reached ****** piety under the Shining One
 95838 | Crypt:3  | Noticed a dread lich
 95846 | Crypt:3  | Killed a dread lich
 95857 | Crypt:3  | Found a basalt altar of Yredelemnul.
 95880 | Crypt:3  | Acquired a manual of Ice Magic
 96045 | Crypt:3  | Found a staircase to the Tomb.
 97048 | Hell     | Entered the Vestibule of Hell
 97048 | Hell     | Noticed Geryon
 97058 | Hell     | Killed Geryon
 97104 | Hell     | Noticed Murray
 97123 | Hell     | Killed Murray
 98249 | Hell     | Reached skill level 27 in Axes
 98302 | Hell     | Was forgiven by Okawaru
 98493 | Hell     | Found a gateway to the ashen valley of Gehenna.
 98619 | Hell     | Found a gateway to the freezing wastes of Cocytus.
 98664 | Hell     | Found a gateway to the decaying netherworld of Tartarus.
 98724 | Hell     | Found a gateway to the Iron City of Dis.
 99031 | Dis:1    | Entered Level 1 of the Iron City of Dis
 99108 | Dis:1    | Noticed a dread lich
 99120 | Dis:1    | Killed a dread lich
 99439 | Dis:3    | You fall into a shaft and drop 2 floors!
 99482 | Hell     | HP: 13/266 [acid (4)]
100797 | Pan      | Entered Pandemonium
100889 | Pan      | Gained mutation: You frequently scream uncontrollably at
                  | your foes. [a neqoxec]
100890 | Pan      | Noticed Zintax the pandemonium lord
100903 | Pan      | Killed Zintax the pandemonium lord
100908 | Pan      | Lost mutation: Your mind is acute. (Int +4, Str/Dex -1) [a
                  | neqoxec]
100915 | Pan      | Gained mutation: You occasionally lose the ability to drink
                  | potions when taking damage. [a neqoxec]
101216 | Pan      | Gained mutation: Armour fits poorly on your strangely
                  | shaped body. [a neqoxec]
101218 | Pan      | Lost mutation: Your magical capacity is low. (-10% MP)
                  | [potion of mutation]
101218 | Pan      | Lost mutation: You occasionally lose the ability to read
                  | scrolls when taking damage. [potion of mutation]
101218 | Pan      | Lost mutation: You frequently scream uncontrollably at your
                  | foes. [potion of mutation]
101219 | Pan      | Lost mutation: You occasionally lose the ability to drink
                  | potions when taking damage. [potion of mutation]
101219 | Pan      | Lost mutation: You have large cloven feet. [potion of
                  | mutation]
101219 | Pan      | Lost mutation: Armour fits poorly on your strangely shaped
                  | body. [potion of mutation]
101219 | Pan      | Lost intelligence.
101219 | Pan      | Gained mutation: You are dopey. (Int -2) [potion of
                  | mutation]
101219 | Pan      | Lost mutation: You are dopey. (Int -2) [potion of mutation]
101488 | Pan      | Found an exit through the horrors of the Abyss.
101915 | Pan      | Noticed Yschad the pandemonium lord
101928 | Pan      | Killed Yschad the pandemonium lord
102930 | Pan      | Noticed Ziarchias the pandemonium lord
102938 | Pan      | Killed Ziarchias the pandemonium lord
102938 | Pan      | Lost intelligence.
103757 | Pan      | Noticed Luzep the pandemonium lord
103779 | Pan      | Killed Luzep the pandemonium lord
104348 | Pan      | Noticed Isyeb the pandemonium lord
104356 | Pan      | Killed Isyeb the pandemonium lord
104388 | Depths:2 | Escaped Pandemonium
106512 | Pan      | Entered Pandemonium
106572 | Pan      | Noticed Wikat the pandemonium lord
106583 | Pan      | Killed Wikat the pandemonium lord
106657 | Pan      | Gained mutation: Your magical capacity is low. (-10% MP) [a
                  | cacodemon]
106721 | Pan      | Found an exit through the horrors of the Abyss.
107030 | Pan      | Gained mutation: Your spells are easier to cast, but less
                  | powerful. [a cacodemon]
107471 | Pan      | Found an exit through the horrors of the Abyss.
107489 | Pan      | Lost mutation: Your muscles are strong. (Str +4, Int/Dex
                  | -1) [a neqoxec]
107530 | Pan      | Noticed Vitiod the pandemonium lord
107546 | Pan      | Killed Vitiod the pandemonium lord
108204 | Pan      | Entered the realm of Gloorx Vloq.
109188 | Pan      | Noticed Gloorx Vloq
110142 | Pan      | Killed Gloorx Vloq
110159 | Pan      | Got a dark rune of Zot
111137 | Pan      | Noticed Joostial the pandemonium lord
111167 | Pan      | Killed Joostial the pandemonium lord
111251 | Pan      | Gained mutation: You sometimes lose your temper in combat.
                  | [a neqoxec]
111706 | Pan      | Found a runed translucent door.
111718 | Pan      | Got a demonic rune of Zot
112559 | Pan      | Noticed Weijex the pandemonium lord
112572 | Pan      | Killed Weijex the pandemonium lord
112590 | Pan      | Gained mutation: Armour fits poorly on your strangely
                  | shaped body. [a neqoxec]
114401 | Pan      | Gained mutation: Your magical capacity is very low. (-20%
                  | MP) [a cacodemon]
114404 | Pan      | Gained mutation: Your magical capacity is extremely low.
                  | (-30% MP) [a cacodemon]
115066 | Depths:2 | Escaped Pandemonium
115836 | Dis:7    | Entered Level 7 of the Iron City of Dis
115848 | Dis:7    | Noticed an ancient lich
115859 | Dis:7    | Killed an ancient lich
118214 | Dis:7    | Found the +4 staff of Dispater
118214 | Dis:7    | Noticed Dispater
118248 | Dis:7    | Killed Dispater
118262 | Dis:7    | Got an iron rune of Zot
118697 | Dis:7    | Identified the +9 demon trident of Noon {vorpal, Str+4
                  | Int+2 Stlth+}
118712 | Dis:7    | Identified the +12 flail "Ciraituh" {vorpal, rPois Str+4}
119568 | Dis:7    | Identified the ring "Moxzesint" {Str+6 Int+5}
119574 | Dis:7    | Identified the +3 war axe "Arbiter" {freeze, +Blink rElec}
119596 | Dis:7    | Identified the +1 hand axe of Mubel {drain, rElec rC++
                  | Str-4 Stlth+}
119603 | Dis:7    | Identified the +7 great mace of Absolution {vorpal, rC+ rN+
                  | rCorr Str+2}
119777 | Tar:1    | Entered Level 1 of Tartarus
119778 | Tar:1    | Identified a +9 executioner's axe of holy wrath (a +9
                  | executioner's axe of electrocution blessed by the Shining
                  | One)
119778 | Tar:1    | Received a gift from the Shining One
120744 | Coc:1    | Entered Level 1 of Cocytus
121973 | Tar:4    | Reached skill level 27 in Dodging
122808 | Tar:7    | Entered Level 7 of Tartarus
124890 | Tar:7    | Identified the +0 cloak of Evolution {MP+9 Int+4 Stlth+}
125379 | Tar:7    | Noticed the Serpent of Hell
125394 | Tar:7    | Killed the Serpent of Hell
126220 | Tar:7    | Identified the +5 quarterstaff of Extinguishment {vorpal,
                  | rElec Str+2 Int+4}
126221 | Tar:7    | Identified the +4 dagger of the Original Sin {venom, rElec
                  | rF+ rC+ Dex-4}
126891 | Tar:7    | Noticed Ereshkigal
126899 | Tar:7    | Identified the +4 tower shield of Hairiness {rCorr Str+5
                  | Slay+3 SInv Stlth+}
126914 | Tar:7    | Killed Ereshkigal
126941 | Tar:7    | Got a bone rune of Zot
127286 | Coc:3    | Reached skill level 27 in Evocations
127482 | Coc:4    | Noticed an ancient lich
128427 | Pan      | Entered the realm of Cerebov.
128427 | Pan      | Entered Pandemonium
129558 | Pan      | Found the +6 sword of Cerebov {flame}
129558 | Pan      | Noticed Cerebov
130333 | Pan      | Identified the +7 whip of the Tomato {elec, Str+2 Stlth+}
130975 | Pan      | Killed Cerebov
130988 | Pan      | Reached skill level 27 in Ranged Weapons
130994 | Pan      | Got a fiery rune of Zot
131384 | Pan      | Identified the +6 scale mail of Acremorph {Dex+2}
131385 | Pan      | Identified the amulet "Yruifin" {Reflect Contam Int+6 SH+5}
131393 | Pan      | Identified the ring of Pride {Contam +Blink rF+ EV+4 Dex+3}
131404 | Pan      | Identified the +10 executioner's axe "Wiocsyth" {pain,
                  | Str+3 Dex+2}
131514 | Pan      | Identified the +2 shortbow "Jaalul" {venom, rPois rF- rC+++
                  | Will-}
131587 | Pan      | Got the Opusculum on the Septic Map
131920 | Pan      | Noticed Moreaner the pandemonium lord
131927 | Abyss:4  | Cast into level 4 of the Abyss (Moreaner)
131960 | Pan      | Escaped the Abyss
131979 | Pan      | Killed Moreaner the pandemonium lord
131989 | Pan      | Found an exit through the horrors of the Abyss.
132288 | Depths:2 | Escaped Pandemonium
132435 | Coc:4    | Killed an ancient lich
133367 | Hell     | Killed from afar by a shard shrike

Illustrated notes

Levels and vault maps discovered:
D:1:      reono_arrival_mine, layout_loops_ring, nrook_campfire
D:2:      layout_basic, shapermc_ecumenical_altar_starsandcircs
D:3:      layout_rooms, gup_sewer_entry_bubbles
D:4:      cheibrodos_old_hovel, layout_cave_pools,
          lemuel_coloured_pillars_altar, minmay_temple_entry_enclosed_plants
D:5:      layout_gridville, tgw_kikubaaqudgha, serial_shops, shop,
          uniq_prince_ribbit1
D:6:      layout_basic, mainiacjoe_overflow_paths, uniq_edmund, uniq_maggie
D:7:      layout_loops_ring, makhleb_blood_cavern_becter, serial_bayou_lagoon_b
D:8:      layout_basic, lightli_temple_of_fire, tso_oasis_becter,
          minmay_misc_feat_nine_boxes, uniq_grum, uniq_pikel
D:9:      hellmonk_destroyed_diamonds, layout_gridville
D:10:     layout_loops_ring, erik_lair_dragon, ebering_ghost_reflecting_pool
D:11:     minmay_weird_star, layout_basic, minmay_orc_entry_temple_small,
          ebering_ghost_xom, uniq_erica
D:12:     layout_long_grid
D:13:     layout_stronghold, enter_trove_0, serial_shops, nicolae_stop_n_shop_1,
          palyth_stone_intersect
D:14:     layout_roguey, hangedman_vaults_entry_quadrant_bands,
          grunt_decor_resistance, cheibriados_altar_1
D:15:     grunt_enter_depths_hoard, layout_basic, roderic_roman_lattice,
          special_room [special_room_orc], grunt_dithmenos_smoke_and_mirrors
Temple:   regret_index_temple_sphere_string
Lair:1:   layout_roguey, basic_altar
Lair:2:   layout_chaotic_city, elwin_shoals_entry_stream, lemuel_fruit_tree,
          infiniplex_staircase_pool_2
Lair:3:   layout_chaotic_city, hellmonk_spider_entry_not_the_bees,
          hellmonk_guarded_unrand_seven_league_boots
Lair:4:   minmay_lair_oklob_chamber, layout_regular_city,
          nicolae_lair_time_for_slime
Lair:5:   minmay_lair_end_frog_pond, layout_concentric_octagons, slime_entry_1,
          lightli_volcano_entry_magma_tube, st_stairs_13
Shoals:1: layout_shoals, nicolae_shoals_beach_cooler, uniq_louise
Shoals:2: layout_shoals, serial_shops, nicolae_shop_waterfront
Shoals:3: layout_shoals, hangedman_shoals_cup_caves, uniq_ilsuiw
Shoals:4: shoals_end_hangedman, layout_shoals, serial_shops,
          nicolae_shop_hallway_plus, nicolae_shoals_lost_giant_hut
Spider:1: layout_spider_delve
Spider:2: layout_chambers, special_room [special_room_bee],
          nicolae_spider_bug_shape, uniq_azrael, uniq_arachne
Spider:3: layout_spider_delve
Spider:4: hellmonk_spider_rune_endless_swarm
Slime:1:  layout_caves
Slime:2:  layout_caves, nicolae_slime_barrier
Slime:3:  layout_caves
Slime:4:  cheibrodos_slime_lost_civilization_3, layout_caves, uniq_dissolution
Slime:5
Orc:1:    layout_caves
Orc:2:    st_orc_ogre_mass, layout_caves
Elf:1:    layout_geoelf_diagonals, gammafunk_ghost_split, mu_enter_wizlab_7,
          minmay_elf_demonology, uniq_jorgrun, uniq_roxanne
Elf:2:    elven_hall_of_blades_hangedman_alternative
          [nooodl_blade_entry_preview], layout_geoelf_octagon, feat_on_display,
          minmay_shop_star
Elf:3:    grunt_elf_hall_asides, layout_loops_ring, nrook_mini_backslash,
          guppyfry_elf_garden
Vaults:1: grunt_vaults_diagonal, v_misc_9, v_alt_pattern_1, vaults_room_fours,
          layout_vaults_quadrants
Vaults:2: v_misc_17, nicolae_vaults_little_squares_4, hangedman_vaults_capsules,
          v_misc_17, nicolae_vaults_quadrants, ontoclasm_vaults_claustrophobia,
          hangedman_vaults_restitches, vaults_room_pool,
          nicolae_vaults_bisected_exclaves, v_pattern_5,
          nicolae_vaults_windows_and_doors_thing,
          nicolae_vaults_border_crossing, nicolae_vaults_little_squares_3,
          layout_vaults_big_room, serial_shops, nicolae_square_shop,
          nicolae_shop_bloodbath_and_beyond, shop, nicolae_shop_waterfront,
          nicolae_shop_hallway_plus, uniq_donald, uniq_nikola
Vaults:3: hangedman_vaults_locks, grunt_vaults_hallway_short,
          minmay_crypt_entry_simple_walls, vaults_room_door_ring,
          nicolae_vaults_asterisk, vaults_room_fancy_cross,
          nicolae_vaults_quartermaster, v_misc_28, vaults_mumra_chevron_long,
          v_alt_pattern_1, ontoclasm_vaults_misaligned, vaults_dpeg_hooks,
          nicolae_vaults_network_quinsquares
          [nicolae_vaults_network_quincunx_subvault,
          nicolae_vaults_network_quincunx_subvault,
          nicolae_vaults_network_quincunx_subvault,
          nicolae_vaults_network_quincunx_subvault], v_pattern_4,
          ontoclasm_vaults_spin, hangedman_vaults_slice, ontoclasm_vaults_tryst,
          layout_vaults_omnibox, serial_shops, nicolae_shop_trees,
          nicolae_shop_hallway_plus, nicolae_shop_trees, shop, uniq_asterion
Vaults:4: portal_desolation_entry_nicolae_forbidding_blocks, vaults_dpeg_spiral,
          v_misc_32, nicolae_vaults_asterisk, v_alt_pattern_2,
          vaults_dpeg_encased_lava, dpeg_vaults_hating_casters,
          ontoclasm_vaults_fault, v_misc_17, vaults_room_large_hall,
          nicolae_vaults_little_squares_2, v_misc_10, hangedman_vaults_snaps,
          layout_vaults_omnicross
Vaults:5: serial_shops, uniq_frederick
Crypt:1:  layout_chaotic_city, lemuel_mausoleum_altar_kikubaaqudgha
Crypt:2:  layout_misc_corridors, serial_sigils_hangedman_snap
Crypt:3:  cryptofortress_bobbens
Depths:1: layout_gridville, enter_ziggurat_c, elyvilon_altar_3, serial_rivers,
          chequers_serial_rivers_micro_e, chequers_serial_rivers_micro_a,
          chequers_serial_rivers_large_a, chequers_serial_rivers_micro_b,
          chequers_serial_rivers_room_b, chequers_serial_rivers_micro_c,
          lightli_too_deep, abyss_entry, nicolae_titane
Depths:2: gammafunk_corrupted_shrine, layout_cave_pools, pan_entry, hell_entry,
          evilmike_ruin_ashenzari, special_room [special_room_mythical_zoo]
Depths:3: hangedman_slaughterboxes, abyss_entry, hell_entry, pan_entry,
          uniq_xtahua, uniq_margery
Depths:4: lemuel_castle_with_subvaults [lemuel_castle_interior_carwin_1],
          layout_gridville, serial_co_window_serial, co_window_paths_a,
          co_window_corner_a, co_window_corner_a, co_window_of_opportunity_a,
          co_window_corner_a, co_window_unsneaky_path_b,
          co_window_of_opportunity_b, co_window_corner_b, co_window_paths_d,
          co_window_paths_e, hangedman_geh_valley, uniq_jory
Hell
Dis:1:    layout_gridville
Dis:2:    layout_gridville
Dis:3:    layout_gridville, nicolae_dis_big_boring_drill
Dis:4:    layout_regular_city
Dis:5:    layout_gridville
Dis:6:    layout_jigsaw, hangedman_dis_decor_tower
Dis:7:    iron_city_of_dis [dis_old, dis_wall_7], layout_gridville
Coc:1:    layout_ice_bergs
Coc:2:    layout_cocytus_water_paths
Coc:3:    layout_cocytus_delve
Coc:4:    layout_cocytus_water_paths
Coc:5:    layout_ice_bergs
Tar:1:    layout_cathedral_of_symmetry
Tar:2:    layout_catacombs, nicolae_hells_seeping_fissure
Tar:3:    layout_grid_maze, evilmike_ambush [evilmike_ambush_outer_basic,
          evilmike_ambush_inner_pond]
Tar:4:    layout_grid_maze
Tar:5:    layout_grid_maze
Tar:6:    layout_honeycomb
Tar:7:    tar_minmay_river
Zot:1:    lemuel_firehouse, layout_concentric_octagons, grunt_ministairs_13
Zot:2:    layout_cellular_growth
Zot:3:    layout_cathedral_of_symmetry, nzn_random_ring, lemuel_elevator
Zot:4:    layout_basic
Zot:5:    layout_twisted_circle

Skill      XL: |  1  2  3  4  5  6  7  8  9 10 11 12 13 14 15 16 17 18 19 20 21 22 23 24 25 26 27 |
---------------+----------------------------------------------------------------------------------+-----
Axes           | 4 5 6 7 9 11 12 14 17 18 19 20 24 27 | 27.0
Fighting       | 5 7 9 10 11 13 15 16 18 19 20 21 23 24 25 27 | 27.0
Armour         | 5 10 11 12 14 16 20 22 23 24 25 26 27 | 27.0
Invocations    | 4 5 6 7 8 9 11 13 22 | 22.2
Throwing       | 4 6 9 11 13 18 | 18.9
Evocations     | 3 5 7 10 11 12 13 27 | 27.0
Dodging        | 4 7 8 9 12 13 14 15 27 | 27.0
Ranged Weapons | 4 8 15 18 20 27 | 27.0
Stealth        | 7 10 14 | 14.0

Action                   |  1- 3 |  4- 6 |  7- 9 | 10-12 | 13-15 | 16-18 | 19-21 | 22-24 | 25-27 || total
-------------------------+-------+-------+-------+-------+-------+-------+-------+-------+-------++-------
Melee: Hand axe          |    52 |   127 |    38 |       |   408 |   882 |   397 |       |       ||  1904
       Headbutt          |    12 |    19 |    80 |   182 |   249 |   247 |   219 |   236 |  1892 ||  3136
       Punch             |       |     6 |     7 |    12 |    14 |    11 |     5 |       |       ||    55
       Whip              |       |    51 |   345 |   370 |    14 |       |       |       |       ||   780
       Trident           |       |       |    15 |       |       |       |       |       |       ||    15
       Broad axe         |       |       |     4 |   267 |   489 |       |       |       |       ||   760
       Executioner's axe |       |       |       |       |       |       |   431 |   829 |  5475 ||  6735
 Fire: Arbalest          |       |       |       |       |       |   389 |   402 |   168 |   299 ||  1258
       Triple crossbow   |       |       |       |       |       |       |       |       |   193 ||   193
Throw: Throwing net      |       |       |     1 |     1 |       |       |       |       |       ||     2
       Dart              |       |       |       |     9 |     7 |       |       |       |     4 ||    20
       Javelin           |       |       |       |       |     2 |       |     6 |     1 |    54 ||    63
       Boomerang         |       |       |       |       |       |       |       |       |    19 ||    19
Invok: Finesse           |       |       |       |     1 |     5 |     8 |     9 |     7 |    19 ||    49
       Heroism           |       |       |       |     1 |     1 |     1 |     2 |       |     4 ||     9
       Duel              |       |       |       |       |       |       |       |     1 |       ||     1
       Summon Divine War |       |       |       |       |       |       |       |       |    28 ||    28
       Divine Shield     |       |       |       |       |       |       |       |       |    17 ||    17
       Cleansing Flame   |       |       |       |       |       |       |       |       |     3 ||     3
       Brand Weapon With |       |       |       |       |       |       |       |       |     1 ||     1
Evoke: Wand              |       |       |     3 |     7 |       |     9 |     4 |     1 |    10 ||    34
       Lightning rod     |       |       |       |       |     1 |     4 |       |       |       ||     5
       Condenser vane    |       |       |       |       |       |     6 |     1 |       |       ||     7
       Phial of floods   |       |       |       |       |       |     1 |     1 |     1 |       ||     3
       Box of beasts     |       |       |       |       |       |       |       |       |    13 ||    13
       Tin of tremorston |       |       |       |       |       |       |       |       |     3 ||     3
  Use: Scroll            |       |     2 |     5 |    12 |     6 |     3 |    17 |     2 |    27 ||    74
       Potion            |       |       |       |     1 |       |     9 |     4 |     1 |    38 ||    53
 Stab: Sleeping          |     2 |     9 |       |       |       |       |       |       |       ||    11
       Held in net/web   |       |       |     1 |       |       |       |       |       |       ||     1
       Confused          |       |       |       |     1 |       |       |       |       |       ||     1
       Invisible         |       |       |       |       |       |       |     2 |       |       ||     2
       Distracted        |       |       |       |       |       |       |       |     1 |     1 ||     2
Armor: Leather armour    |    12 |    25 |       |       |       |       |       |       |       ||    37
       Plate armour      |       |    46 |   202 |   242 |   338 |   502 |   257 |       |       ||  1587
       Gold dragon scale |       |       |       |       |       |       |   110 |   392 |  3410 ||  3912
Dodge: Dodged            |    18 |    66 |    68 |   147 |   332 |   499 |   330 |   289 |  2783 ||  4532
       Repelled          |       |       |       |     1 |     1 |    10 |    22 |    13 |     9 ||    56
Block: Other             |    11 |    38 |    63 |    90 |   181 |   335 |   246 |    73 |   608 ||  1645
       Reflection        |       |     2 |       |     6 |     1 |       |       |       |       ||     9

Table legend: (Time is in decaauts)
 A = Elapsed time spent in this place.
 B = Non-inter-level travel time spent in this place.
 C = Inter-level travel time spent in this place.
 D = Time resting spent in this place.
 E = Time spent auto-exploring this place.
 F = Levels seen in this place.
 G = Mean time per level.
                   A        B        C        D        E       F      G
               +--------+--------+--------+--------+--------+-----+--------+
         Total | 131129 | 118568 |  12561 |  34978 |  61332 | 101 | 1298.3 |
       Dungeon |  24172 |  19947 |   4225 |   4609 |  12644 |  15 | 1611.5 |
        Temple |    172 |    162 |     10 |      0 |    147 |   1 |  172.0 |
          Lair |   7594 |   6215 |   1379 |   1200 |   3963 |   5 | 1518.8 |
        Shoals |   7537 |   6548 |    989 |   2169 |   3325 |   4 | 1884.2 |
   Spider Nest |   6292 |   5929 |    363 |   1900 |   3071 |   4 | 1573.0 |
    Slime Pits |    860 |    799 |     61 |    445 |     36 |   5 |  172.0 |
  Orcish Mines |   2267 |   2063 |    204 |    705 |   1088 |   2 | 1133.5 |
   Elven Halls |   5840 |   5456 |    384 |   1527 |   2821 |   3 | 1946.7 |
        Vaults |  10890 |   9608 |   1282 |   1771 |   6383 |   5 | 2178.0 |
         Crypt |   3443 |   3230 |    213 |    485 |   2133 |   3 | 1147.7 |
        Depths |  13119 |  11673 |   1446 |   5164 |   4792 |   4 | 3279.8 |
          Hell |   4655 |   4302 |    353 |   3608 |    410 |   1 | 4655.0 |
           Dis |   6208 |   5809 |    399 |   2544 |   2227 |   7 |  886.9 |
       Cocytus |   1661 |   1281 |    380 |    303 |    719 |   5 |  332.2 |
      Tartarus |   6355 |   5986 |    369 |   1360 |   3392 |   7 |  907.9 |
           Zot |   8836 |   8338 |    498 |   2454 |   4556 |   5 | 1767.2 |
         Abyss |   3540 |   3540 |      0 |    849 |    610 |   7 |  505.7 |
   Pandemonium |  15696 |  15696 |      0 |   3511 |   7947 |  14 | 1121.1 |
         Trove |     62 |     62 |      0 |      0 |      4 |   1 |   62.0 |
        Wizlab |    940 |    940 |      0 |    354 |    404 |   1 |  940.0 |
    Desolation |    957 |    957 |      0 |      0 |    654 |   1 |  957.0 |
         Arena |     23 |     23 |      0 |     14 |      0 |   1 |   23.0 |
               +--------+--------+--------+--------+--------+-----+--------+

Top non-repeatable levels by time:
Depths:1: 5632 daAuts
    Hell: 4655 daAuts
   Tar:7: 4463 daAuts
   Dis:7: 3857 daAuts
Depths:3: 3039 daAuts
Depths:4: 2905 daAuts
Vaults:4: 2868 daAuts
    D:10: 2781 daAuts
   Zot:5: 2696 daAuts
   Zot:3: 2582 daAuts
Vaults:3: 2507 daAuts
Shoals:3: 2494 daAuts
    D:14: 2420 daAuts
 Abyss:3: 2355 daAuts
    D:15: 2351 daAuts
